 Dungeon Crawl Stone Soup version 0.17-a0-1011-gfa70bdd (webtiles) character file.

142 krabocopter the Covert (level 5, 0/25 HPs)
             Began as a Spriggan Assassin on May 13, 2015.
             Slain by a hobgoblin (3 damage)
             ... on level 3 of the Dungeon.
             The game lasted 00:11:07 (1889 turns).

krabocopter the Covert (Spriggan Assassin)          Turns: 1889, Time: 00:11:07

Health: 0/25       AC:  3    Str:  8    XL:     5   Next: 3%
Magic:  4/6        EV: 17    Int: 12    God:
Gold:   88         SH:  0    Dex: 18    Spells: 0 memorised, 4 levels left

rFire  . . .     SeeInvis +     a - +2 dagger
rCold  . . .     Clarity  .     c - +0 robe
rNeg   . . .     SustAb   .     (shield restricted)
rPois  .         Gourm    .     (helmet restricted)
rElec  .         Spirit   .     d - +0 cloak
rCorr  .         Warding  .     (gloves unavailable)
rMut   .         Stasis   .     (boots unavailable)
MR     .....                    (no amulet)
Stlth  ++++......               (no ring)
                                (no ring)

@: lethally poisoned (0 -> -18), very quick, not resistant to hostile
enchantments, stealthy
A: unfitting armour, see invisible, herbivore 3, speed 3, slow metabolism 2
a: no special abilities


You were on level 3 of the Dungeon.
You were not hungry.

You visited 1 branch of the dungeon, and saw 3 of its levels.

You collected 88 gold pieces.

Inventory:

Hand weapons
 a - a +2 dagger (weapon)
 b - a +0 blowgun
Missiles
 e - 8 poisoned needles
 f - 2 curare-tipped needles
Armour
 c - a +0 robe (worn)
 d - a +0 cloak (worn)
Jewellery
 n - an uncursed ring of loudness
Scrolls
 h - a scroll of random uselessness {unknown}
 j - a scroll of enchant armour {unknown}
 k - a scroll of magic mapping {unknown}
 m - a scroll of identify
Potions
 i - 3 potions of curing
 l - a potion of agility {unknown}
 o - 2 potions of magic {unknown}
 p - 2 potions of poison
 q - a potion of resistance {unknown}
 r - a potion of haste {unknown}
Comestibles
 g - 3 bread rations


   Skills:
 - Level 1.5 Fighting
 + Level 3.5 Short Blades
 - Level 2.1 Throwing
 - Level 1.5 Dodging
 + Level 8.0 Stealth


You had 4 spell levels left.
You didn't know any spells.

Dungeon Overview and Level Annotations

Branches:
Dungeon (3/15)

Altars:
Ru
Sif Muna

Annotations:
D:2 Sigmund, Terence
D:3 Fluffy's ghost, average HuFi; Jessica


Innate Abilities, Weirdness & Mutations

You are tiny and cannot use many weapons and most armour.
You have supernaturally acute eyesight.
You are a herbivore.
You cover ground extremely quickly.
You need consume almost no food.


Message History

You hit Jessica.
Jessica is heavily wounded.
Jessica hits you but does no damage. The hobgoblin misses you.
You hit Jessica.
Jessica is severely wounded.
Jessica barely misses you. The hobgoblin closely misses you.
You hit Jessica.
Jessica is almost dead.
Jessica hits you but does no damage.
Jessica zaps a wand.
The puff of frost hits you!
* * * LOW HITPOINT WARNING * * *
Wield which item (- for none, * to show all)? (? for menu, Esc to quit)
Okay, then.
Drink which item? (? for menu, Esc to quit)
It was a potion of poison.
That liquid tasted very nasty...
You are lethally poisoned!
* * * LOW HITPOINT WARNING * * *
You feel sick. The hobgoblin hits you.
You die...

####### #.....# #####
##### #.....###...#
##...# #.....#.#.#.#
..###.g..###........_...
!...K.@@...........#.#..
..##$#K.................
#?...................
#.....###............
#..##...#.....%......
.... ..#.#............
..#.###.....#.##.......
.... ........###...(.#
###.#......).....


You could see Jessica, a hobgoblin and 2 kobolds.

Vanquished Creatures
  A giant frog (D:3)
  3 adders
  An ooze (D:1)
  A giant gecko (D:1)
  An orc (D:3)
  6 hobgoblins
  3 jackals (D:1)
  6 bats
  3 giant cockroaches
  5 giant newts
  5 goblins
  2 kobolds
  8 rats
45 creatures vanquished.

Notes
Turn   | Place    | Note
--------------------------------------------------------------
     0 | D:1      | krabocopter the Spriggan Assassin began the quest for the Orb.
     0 | D:1      | Reached XP level 1. HP: 10/10 MP: 2/2
    47 | D:1      | Reached skill level 6 in Stealth
    64 | D:1      | Reached skill level 1 in Short Blades
    74 | D:1      | Reached XP level 2. HP: 9/14 MP: 3/3
   379 | D:1      | Reached XP level 3. HP: 16/18 MP: 4/4
   616 | D:2      | Noticed Terence
   674 | D:2      | Reached skill level 7 in Stealth
  1346 | D:2      | Noticed Sigmund
  1404 | D:3      | Found a sacrificial altar of Ru.
  1409 | D:3      | Reached XP level 4. HP: 22/22 MP: 5/5
  1503 | D:3      | Noticed Fluffy's ghost (average HuFi)
  1583 | D:3      | Found a deep blue altar of Sif Muna.
  1638 | D:3      | Noticed a giant frog
  1651 | D:3      | Killed a giant frog
  1651 | D:3      | Reached skill level 8 in Stealth
  1651 | D:3      | Reached XP level 5. HP: 7/25 MP: 6/6
  1875 | D:3      | Noticed Jessica
  1889 | D:3      | Slain by a hobgoblin

Vault maps used:
D:1:      minmay_arrival_semitransparent
D:2:      first_bread, uniq_terence, uniq_sigmund
D:3:      yredelemnul_altar_generic, nicolae_ru_awakened_eye,
          lemuel_crystal_altar, grunt_temple_overflow_open,
          minmay_goblin_kobold_house, uniq_jessica

Action                   |  1- 3 |  4- 6 || total
-------------------------+-------+-------++-------
Melee: Dagger            |   123 |    31 ||   154
  Use: Scroll            |     2 |       ||     2
       Potion            |     1 |     1 ||     2
 Stab: Sleeping          |    12 |     1 ||    13
       Distracted        |     1 |       ||     1
